 Dungeon Crawl Stone Soup version 0.31-a0-210-gccc998df9b (webtiles) character file.

Game seed: 17958257962163771003

3274 qw the Skirmisher (level 10, -4/63 HPs)
             Began as a Gargoyle Hexslinger on June 30, 2023.
             Was a Believer of Okawaru.
             Slain by a yak (8 damage)
             ... on level 8 of the Dungeon.
             The game lasted 00:03:29 (5517 turns).

qw the Skirmisher (Gargoyle Hexslinger)             Turns: 5517, Time: 00:03:30

Health: -4/63      AC: 19    Str: 17    XL:     10   Next: 0%
Magic:  12/13      EV: 16    Int: 15    God:    Okawaru [**....]
Gold:   437        SH:  0    Dex: 16    Spells: 10/11 levels left

rFire   + . .        Y - +0 shortbow
rCold   . . .        (shield currently unavailable)
rNeg    + + .        q - +2 leather armour {rF+}
rPois   inf          n - +0 helmet
rElec   +            (no cloak)
rCorr   .            m - +0 pair of gloves
SInv    .            a - +2 pair of boots
Will    .....        d - amulet of regeneration
Stlth   +++          b - ring of positive energy
HPRegen 1.10/turn    i - +6 ring of strength
MPRegen 0.13/turn

%: no passive effects
@: heroic
A: sickness immunity, AC +7, negative energy resistance 1, electricity
resistance, torment resistance 1, petrification resistance
a: Renounce Religion, Heroism


You were on level 8 of the Dungeon.
You worshipped Okawaru.
Okawaru was pleased with you.
You visited 1 branch of the dungeon, and saw 8 of its levels.

You collected 437 gold pieces.


Innate Abilities, Weirdness & Mutations

You are immune to sickness and miasma.
Your stone body is resilient. (AC +7)
You are immune to poison.
You resist negative energy. (rN+)
You are resistant to electric shocks. (rElec)
You are resistant to unholy torment.
You are immune to petrification.


   Skills:
 - Level 7.2(12.2) Fighting
 + Level 10.5(15.5) Ranged Weapons
 - Level 2.1(7.1) Armour
 - Level 3.3(8.3) Dodging
 - Level 1.0 Spellcasting
 - Level 2.6 Hexes
 - Level 4.8 Invocations


You had 10 spell levels left.
You knew the following spells:

 Your Spells              Type           Power      Damage    Failure   Level
a - Slow                  Hex            32%        N/A       10%         1

Your spell library contained the following spells:

 Spells                   Type           Power      Damage    Failure   Level
 Inner Flame              Hex/Fire       4%         N/A       43%         3
 Portal Projectile        Hex/Tloc       8%         N/A       43%         3
 Cause Fear               Hex            4%         N/A       67%         4

Inventory:

Hand Weapons
 Y - a +0 shortbow (weapon)
Armour
 a - a +2 pair of boots (worn)
 m - a +0 pair of gloves (worn)
 n - a +0 helmet (worn)
 q - a +2 leather armour of fire resistance (worn)
Jewellery
 b - a ring of positive energy (left hand)
 c - a ring of fire
 d - an amulet of regeneration (around neck)
 i - a +6 ring of strength (right hand)
Scrolls
 f - 2 scrolls of identify
 j - a scroll of noise {unknown}
Potions
 e - a potion of brilliance {unknown}
 g - 3 potions of magic
 h - a potion of might
 k - a potion of cancellation
 r - 2 potions of haste

Dungeon Overview and Level Annotations

Branches:
Dungeon (8/15)             Temple (0/1) D:5
   Lair: D:8-11

Altars:
Ashenzari
Dithmenos
Gozag
Okawaru
Uskayaw
Wu Jian
The Shining One

Annotations:
D:3 1 runed translucent door, Crazy Yiuf
D:6 2 runed translucent doors, qw's ghost, amateur DEHu


Message History

The yak is almost dead.
The yak closely misses you. The yak gores you but does no damage.
The yak misses you.
You shoot an arrow. The arrow completely misses the yak.
The yak barely misses you. x3
You shoot an arrow. The arrow hits the yak.
The yak is almost dead.
You shoot an arrow.
The arrow hits the yak but does no damage.
The yak is almost dead.
The yak gores you but does no damage. x2; The yak gores you!
You shoot an arrow. The arrow closely misses the yak.
The yak misses you. The yak gores you but does no damage. The yak gores you.
You shoot an arrow. The arrow hits the yak!
You kill the yak!
Okawaru accepts your kill.
You have reached level 10!
You shoot an arrow. The arrow hits the yak.
The yak is lightly wounded.
The yak barely misses you. The yak misses you.
You shoot an arrow.
The arrow hits the yak but does no damage.
The yak is lightly wounded.
The yak gores you! x2; The yak closely misses you.
You shoot an arrow. The arrow hits the yak.
The yak is lightly wounded.
The yak gores you. The yak barely misses you. The yak gores you.
You shoot an arrow. The arrow hits the yak!
The yak is heavily wounded.
You shoot an arrow. The arrow hits the yak.
The yak is heavily wounded.
The yak gores you but does no damage. The yak completely misses you.
The yak gores you.
You shoot an arrow. The arrow hits the yak!
The yak is severely wounded.
The yak misses you. The yak closely misses you. The yak completely misses you.
You shoot an arrow. The arrow hits the yak.
The yak is almost dead.
The yak gores you. The yak gores you!
You die...

..##.. ..#
..#.. ...#
.... ....
... ..!.#
..###...
oY...# .
#YY.# ##.
##@Y.# #..#
##..###
...#
###...#
#..##...#.#
#....##..#
..
#..##..##
#.###....##
..##..###
.# #.#...##
.#


You could see 4 yaks and an orc.

Vanquished Creatures
  Pikel (D:5)
  Prince Ribbit (D:7)
  Eustachio (D:5)
  2 yaks (D:8)
  Menkaure (D:7)
  Edmund (D:4)
  Duvessa (D:4)
  2 water moccasins
  An ice beast (D:6)
  A sky beast (D:6)
  2 ogres
  A centaur (D:7)
  A lemure (D:5)
  A phantom (D:4)
  A kobold brigand (D:6)
  Blork the orc (D:5)
  3 scorpions
  Dowan (D:4)
  A howler monkey (D:5)
  A crimson imp (D:6)
  3 jellies
  2 orc priests
  A hound (D:5)
  A sleepcap (D:6)
  An orc wizard (D:7)
  7 iguanas
  Robin (D:4)
  5 gnolls
  12 adders
  3 white imps
  An ufetubus (D:4)
  A worm (D:4)
  A dart slug (D:4)
  20 orcs
  6 ball pythons
  7 endoplasms
  2 giant cockroaches
  20 goblins
  8 hobgoblins
  8 jackals
  14 kobolds
  4 quokkas
  9 bats
  2 frilled lizards
  5 rats
169 creatures vanquished.

Notes
Turn   | Place    | Note
-------+----------+-------------------------------------------
     0 | D:1      | qw the Gargoyle Hexslinger began the quest for the Orb.
     0 | D:1      | Reached XP level 1. HP: 12/12 MP: 2/2
     0 | D:1      | 0 ||| qw: Version: 0.3-a-24-ga2abf7b
     0 | D:1      | 0 ||| qw: Game counter: 7059
     0 | D:1      | 0 ||| qw: Melee chars always use a shield: true
     0 | D:1      | 0 ||| qw: God list: Okawaru
     0 | D:1      | 0 ||| qw: Allow faded altars: false
     0 | D:1      | 0 ||| qw: Do Orc after clearing Dungeon:15 true
     0 | D:1      | 0 ||| qw: Do second Lair branch before Depths: true
     0 | D:1      | 0 ||| qw: Lair rune preference: random
     0 | D:1      | 0 ||| qw: Goals: Normal
     0 | D:1      | 0 ||| PLANNING D:1-11
    96 | D:1      | Reached XP level 2. HP: 15/16 MP: 3/3
   210 | D:1      | Reached skill level 3 in Ranged Weapons
   313 | D:1      | Reached XP level 3. HP: 21/21 MP: 4/4
   334 | D:1      | Found a faded altar of an unknown god.
   466 | D:1      | 466 ||| UPGRADING to +0 leather armour.
   476 | D:1      | 476 ||| DROPPING +0 robe.
   477 | D:1      | 477 ||| UPGRADING to +0 ring mail.
   487 | D:1      | 487 ||| DROPPING +0 leather armour.
   488 | D:1      | 488 ||| READING scroll labelled XUXTUOGEAP.
   489 | D:1      | 489 ||| READING scroll labelled OVUUXI EDWAIXT.
   490 | D:1      | 490 ||| READING scroll labelled IHUASE AQIEV.
   491 | D:1      | 491 ||| READING scroll labelled USEUS LUTSOXOKK.
   496 | D:1      | 496 ||| DROPPING scroll of poison.
   533 | D:2      | 533 ||| STAIRDANCE
   972 | D:2      | Reached XP level 4. HP: 24/26 MP: 5/5
  1122 | D:2      | Reached skill level 4 in Ranged Weapons
  1208 | D:2      | 1208 ||| UPGRADING to +0 pair of gloves.
  1213 | D:2      | 1213 ||| UPGRADING to amulet of regeneration.
  1218 | D:2      | 1218 ||| UPGRADING to ring of positive energy.
  1219 | D:2      | 1219 ||| UPGRADING to +6 ring of strength.
  1220 | D:2      | 1220 ||| READING scroll labelled JUKKEO JULIAL.
  1321 | D:2      | 1321 ||| READING scroll labelled HYISHR FOCZALIR.
  1322 | D:2      | 1322 ||| READING scroll labelled FUOHODDEOZ.
  1442 | D:3      | Reached skill level 1 in Armour
  1509 | D:3      | Reached XP level 5. HP: 30/30 MP: 6/6
  1534 | D:3      | Found an iron altar of Okawaru.
  1535 | D:3      | 1535 ||| PLANNING OKAWARU WORSHIP
  1535 | D:3      | 1535 ||| READING 2 scrolls of identify.
  1535 | D:3      | 1535 ||| IDENTIFYING fuming white potion
  1536 | D:3      | Found a hide-covered altar of Uskayaw.
  1542 | D:3      | Became a worshipper of Warmaster Okawaru
  1543 | D:3      | 1543 ||| PLANNING D:1-11
  1721 | D:3      | Found a glowing golden altar of the Shining One.
  1774 | D:3      | Found a runed translucent door.
  1775 | D:3      | Noticed Crazy Yiuf
  1962 | D:3      | 1962 ||| UPGRADING to +2 pair of boots.
  1967 | D:3      | 1967 ||| READING scroll labelled PIXIPP MIJ FEF.
  2111 | D:4      | Reached skill level 5 in Ranged Weapons
  2146 | D:4      | Noticed Edmund
  2157 | D:4      | HP: 7/31 [Edmund/+3 dire flail of draining (10)]
  2158 | D:4      | 2158 ||| READING scroll of teleportation.
  2161 | D:4      | HP: 2/31 [Edmund/+3 dire flail of draining (7)]
  2166 | D:4      | HP: 6/31 [orc priest/nerve-wracking pain (2)]
  2169 | D:4      | Reached skill level 3 in Fighting
  2169 | D:4      | Reached XP level 6. HP: 11/37 MP: 7/7
  2261 | D:4      | Noticed Robin
  2263 | D:4      | 2263 ||| Stepping ~*~*~tactically~*~*~ (outnumbered).
  2266 | D:4      | 2266 ||| Stepping ~*~*~tactically~*~*~ (outnumbered).
  2270 | D:4      | 2270 ||| Stepping ~*~*~tactically~*~*~ (outnumbered).
  2277 | D:4      | Killed Robin
  2304 | D:4      | Reached * piety under Okawaru
  2305 | D:4      | Reached skill level 6 in Ranged Weapons
  2414 | D:4      | 2414 ||| INVOKING Heroism.
  2415 | D:4      | 2415 ||| INVOKING Heroism.
  2433 | D:4      | HP: 6/38 [Edmund/+3 dire flail of draining (5)]
  2438 | D:4      | HP: 6/38 [Edmund/+3 dire flail of draining (5)]
  2439 | D:4      | Killed Edmund
  2440 | D:4      | Reached XP level 7. HP: 8/43 MP: 8/8
  2609 | D:4      | Noticed Duvessa
  2610 | D:4      | 2610 ||| INVOKING Heroism.
  2618 | D:4      | Noticed Dowan
  2630 | D:4      | HP: 7/43 [Duvessa/+0 rapier (10)]
  2634 | D:4      | Killed Duvessa
  2635 | D:4      | Reached skill level 7 in Ranged Weapons
  2635 | D:4      | 2635 ||| INVOKING Heroism.
  2636 | D:4      | 2636 ||| INVOKING Heroism.
  2641 | D:4      | HP: 10/43 [Dowan/shard of ice (5)]
  2647 | D:4      | Killed Dowan
  2773 | D:4      | 2773 ||| UPGRADING to +0 helmet.
  2778 | D:4      | 2778 ||| UPGRADING to +2 leather armour of fire resistance.
  2788 | D:4      | 2788 ||| DROPPING +0 ring mail.
  2789 | D:4      | 2789 ||| DROPPING amulet of magic regeneration.
  2790 | D:4      | 2790 ||| READING scroll labelled ZOAX ELLUWNE.
  2791 | D:4      | 2791 ||| READING 3 scrolls labelled HAOSAI NAOW.
  2792 | D:4      | 2792 ||| DRINKING 2 fuming purple potions.
  2793 | D:4      | 2793 ||| DRINKING 2 glowing puce potions.
  2794 | D:4      | 2794 ||| DRINKING 2 lumpy emerald potions.
  2899 | D:4      | 2899 ||| READING 3 scrolls of identify.
  2899 | D:4      | 2899 ||| IDENTIFYING lumpy orange potion
  2900 | D:4      | 2900 ||| READING 2 scrolls of identify.
  2900 | D:4      | 2900 ||| IDENTIFYING pink potion
  2901 | D:4      | 2901 ||| DROPPING potion of lignification.
  2902 | D:4      | 2902 ||| DROPPING potion of degeneration.
  2903 | D:4      | 2903 ||| DROPPING potion of berserk rage.
  2904 | D:4      | 2904 ||| DROPPING 2 scrolls of fear.
  2958 | D:5      | Entered Level 5 of the Dungeon
  3028 | D:5      | Reached skill level 8 in Ranged Weapons
  3028 | D:5      | Reached XP level 8. HP: 36/48 MP: 9/9
  3158 | D:5      | Found a staircase to the Ecumenical Temple.
  3161 | D:5      | Noticed Eustachio
  3162 | D:5      | 3162 ||| INVOKING Heroism.
  3204 | D:5      | Killed Eustachio
  3244 | D:5      | Reached skill level 1 in Invocations
  3268 | D:5      | 3268 ||| SWAPPING to +0 shortbow.
  3273 | D:5      | 3273 ||| DROPPING +2 sling.
  3297 | D:5      | Found a broken altar of Ashenzari.
  3323 | D:5      | 3323 ||| INVOKING Heroism.
  3468 | D:5      | Noticed Blork the orc
  3468 | D:5      | Noticed Pikel
  3469 | D:5      | 3469 ||| INVOKING Heroism.
  3496 | D:5      | 3496 ||| INVOKING Heroism.
  3515 | D:5      | 3515 ||| INVOKING Heroism.
  3518 | D:5      | Killed Pikel
  3519 | D:5      | Reached XP level 9. HP: 51/54 MP: 8/12
  3526 | D:5      | Killed Blork the orc
  3527 | D:5      | Reached skill level 9 in Ranged Weapons
  3918 | D:5      | 3918 ||| DRINKING 2 red potions.
  3919 | D:5      | 3919 ||| READING 2 scrolls of identify.
  3919 | D:5      | 3919 ||| IDENTIFYING viscous ruby potion
  3937 | D:6      | 3937 ||| Stepping ~*~*~tactically~*~*~ (outnumbered).
  3939 | D:6      | 3939 ||| Stepping ~*~*~tactically~*~*~ (outnumbered).
  3940 | D:6      | 3940 ||| Stepping ~*~*~tactically~*~*~ (outnumbered).
  3993 | D:6      | Reached skill level 6 in Fighting
  4034 | D:6      | 4034 ||| INVOKING Heroism.
  4259 | D:6      | Identified the +2 quarterstaff of Pawk {heavy, Str-3 Int+3
                  | Dex+2}
  4384 | D:6      | 4384 ||| FLEEEEING.
  4407 | D:6      | Found a shadowy altar of Dithmenos.
  4661 | D:6      | 4661 ||| INVOKING Heroism.
  4758 | D:6      | Found a large runed translucent door.
  4759 | D:6      | Found a large runed translucent door.
  4761 | D:6      | Noticed qw's ghost (amateur DEHu)
  4833 | D:6      | 4833 ||| READING scroll labelled MYIFISTR RUJUSM.
  4842 | D:6      | 4842 ||| READING 2 scrolls of identify.
  4842 | D:6      | 4842 ||| IDENTIFYING purple potion
  4843 | D:6      | 4843 ||| DROPPING potion of invisibility.
  4915 | D:7      | Reached ** piety under Okawaru
  4928 | D:7      | Found an opulent altar of Gozag.
  4945 | D:7      | 4945 ||| INVOKING Heroism.
  4949 | D:7      | Reached skill level 10 in Ranged Weapons
  4992 | D:7      | Noticed Menkaure
  4993 | D:7      | 4993 ||| INVOKING Heroism.
  5002 | D:7      | Killed Menkaure
  5003 | D:7      | Reached skill level 3 in Dodging
  5032 | D:7      | Noticed Prince Ribbit
  5033 | D:7      | 5033 ||| INVOKING Heroism.
  5054 | D:7      | Killed Prince Ribbit
  5077 | D:7      | Found an ornate altar of the Wu Jian Council.
  5149 | D:7      | 5149 ||| INVOKING Heroism.
  5203 | D:7      | 5203 ||| Stepping ~*~*~tactically~*~*~ (outnumbered).
  5206 | D:7      | 5206 ||| Stepping ~*~*~tactically~*~*~ (outnumbered).
  5218 | D:7      | 5218 ||| DRINKING potion of curing.
  5218 | D:7      | 5218 ||| (to cure confusion)
  5495 | D:8      | 5495 ||| INVOKING Heroism.
  5511 | D:8      | Reached XP level 10. HP: 34/63 MP: 11/13
  5513 | D:8      | HP: 12/63 [yak (5)]
  5517 | D:8      | HP: 4/63 [yak (3)]
  5517 | D:8      | Slain by a yak

Levels and vault maps discovered:
D:1:      lightli_arrival_windingriver, layout_rooms,
          dreamdust_ecumenical_altar_angels_and_demons, minmay_misc_feat_alley,
          minmay_misc_feat_encased, serial_park_tiny_1
D:2:      layout_loops_ring
D:3:      layout_rooms, gammafunk_temple_overflow_wave, lemuel_round_altar,
          uniq_crazy_yiuf_cottage
D:4:      layout_basic, grunt_ministairs_6, uniq_duvessa, uniq_edmund,
          uniq_robin
D:5:      layout_gridville, mainiacjoe_overflow_cross_hatched,
          minmay_temple_entry_mist, uniq_blork_the_orc, uniq_pikel,
          uniq_eustachio
D:6:      corexii_shack_village, layout_basic, old_standard_altar,
          ebering_ghost_disaster_area, minmay_fire_ice_demons
D:7:      layout_cave_pools, mainiacjoe_overflow_alcove_2,
          mainiacjoe_overflow_alcove_1, uniq_menkaure, uniq_prince_ribbit1
D:8:      layout_rooms, bloody_makhleb, kiku_gazebo_garden_becter,
          mainiacjoe_overflow_boulevard, lemuel_tele_altar, serial_shops, shop,
          minmay_alternating_orb

Skill      XL: |  1  2  3  4  5  6  7  8  9 |
---------------+----------------------------+-----
Ranged Weapons | 3 4 5 6 8 10 | 10.5
Fighting       | 2 3 4 5 7 |  7.2
Armour         | 1 2 |  2.1
Dodging        | 2 3 |  3.3
Invocations    | 4 |  4.8
Spellcasting   | |  1.0
Hexes          | |  2.6

Action                     |  1- 3 |  4- 6 |  7- 9 | 10-12 || total
---------------------------+-------+-------+-------+-------++-------
   Fire: Sling             |   148 |   240 |   153 |       ||   541
         Shortbow          |       |       |   409 |     7 ||   416
 Invoke: Heroism           |       |     1 |    14 |       ||    15
    Use: Scroll            |     4 |     6 |     7 |       ||    17
         Potion            |       |       |     5 |       ||     5
 Armour: Robe              |     2 |       |       |       ||     2
         Ring mail         |    54 |   133 |    20 |       ||   207
         Leather armour    |       |       |   187 |     1 ||   188
  Dodge: Dodged            |    66 |   134 |   278 |     8 ||   486

Table legend:
 A = Non-vault XP
 B = Vault XP
 C = Vault XP percentage of total XP
 D = Non-vault monster count
 E = Vault monster count
 F = Vault count percentage of total count
                 A         B        C        D         E       F
            +---------+---------+-------+---------+---------+-------
      Total |    2821 |    1857 |  39.7 |     135 |      33 |  19.6
            +---------+---------+-------+---------+---------+-------
        D:1 |      40 |       0 |   0.0 |      15 |       0 |   0.0
        D:2 |      62 |       0 |   0.0 |      22 |       0 |   0.0
        D:3 |      90 |       0 |   0.0 |      20 |       0 |   0.0
        D:4 |     484 |     413 |  46.0 |      24 |      17 |  41.5
        D:5 |     704 |     938 |  57.1 |      18 |       3 |  14.3
        D:6 |     640 |      78 |  10.9 |      20 |      11 |  35.5
        D:7 |     402 |     428 |  51.6 |      13 |       2 |  13.3
        D:8 |     399 |       0 |   0.0 |       3 |       0 |   0.0
            +---------+---------+-------+---------+---------+-------
